 Dungeon Sprint DCSS version 0.26-a0-1184-g95e395e029 (webtiles) character file.

Game seed: 10609024393234309279

406 rocky1 the Geomancer (level 6, -5/58 HPs)
             Began as an Ogre Earth Elementalist on Dec 28, 2020.
             Was an Elder of Sif Muna.
             Killed from afar by a molten gargoyle (27 damage)
             ... with a bolt of magma
             ... in the Dungeon (Sprint VII: "The Pits").
             The game lasted 00:03:54 (1154 turns).

rocky1 the Geomancer (Ogre Earth Elementalist)      Turns: 1154, Time: 00:03:54

Health: -5/58      AC:  3    Str: 13    XL:     6   Next: 87%
Magic:  1/11       EV: 10    Int: 18    God:    Sif Muna [****..]
Gold:   0          SH:  0    Dex:  9    Spells: 2/11 levels left

rFire    . . .     SeeInvis .   n - +1 mace (vorpal)
rCold    . . .     Faith    .   (no shield)
rNeg     . . .     Spirit   .   c - +0 robe
rPois    .         Reflect  .   (helmet restricted)
rElec    .         Harm     .   (no cloak)
rCorr    .         Rampage  .   (gloves unavailable)
Will     .....     NoTele   +   (boots unavailable)
Stlth    +.........             (no amulet)
HPRegen  0.19/turn              (no ring)
MPRegen  0.12/turn              (no ring)

@: no status effects
A: large, unfitting armour, tough skin 1
a: Renounce Religion, Channel Magic, Forget Spell, Divine Exegesis


You were in the Dungeon.
You worshipped Sif Muna.
Sif Muna was greatly pleased with you.
You visited 1 branch

Inventory:

Hand Weapons
 m - a +2 mace
 n - a +1 vorpal mace (weapon)
Missiles
 b - 22 stones (quivered)
Armour
 c - a +0 robe (worn)
Scrolls
 i - a scroll of blinking
 j - 3 scrolls of remove curse
 k - 5 scrolls of amnesia
 l - a scroll of summoning
Potions
 a - 2 potions of invisibility
 d - 6 potions of curing
 e - 6 potions of heal wounds
 f - a potion of haste
 g - 4 potions of magic
 h - 2 potions of berserk rage


   Skills:
 - Level 2.3 Fighting
 - Level 1.4 Maces & Flails
 - Level 2.5 Dodging
 - Level 1.4 Stealth
 - Level 3.3 Spellcasting
 - Level 0.8 Transmutations
 + Level 10.9 Earth Magic
 - Level 7.7 Invocations


You had 2 spell levels left.
You knew the following spells:

 Your Spells              Type           Power        Failure   Level
a - Sandblast             Erth           84%          1%          1
b - Stone Arrow           Conj/Erth      44%          4%          3
c - Lee's Rapid Deconstr  Erth           21%          4%          5

Your spell library contained the following spells:

 Spells                   Type           Power        Failure   Level
 Passwall                 Tmut/Erth      20%          2%          2
 Petrify                  Tmut/Erth      24%          14%         4


Dungeon Overview and Level Annotations

Branches:
Dungeon (1/1)

Altars:
Ashenzari
Cheibriados
Dithmenos
Elyvilon
Fedhas
Gozag
Hepliaklqana
Kikubaaqudgha
Makhleb
Nemelex Xobeh
Okawaru
Qazlal
Ru
Sif Muna
Trog
Uskayaw
Vehumet
Wu Jian
Xom
Yredelemnul
Zin
The Shining One
Beogh
Jiyva
Lugonu


Innate Abilities, Weirdness & Mutations

You are too large for most types of armour.
You have tough skin. (AC +1)


Message History

Confirm with . or Enter, or press ? or * to list all spells.
Aiming: Lee's Rapid Deconstruction (dangerous; 4% risk of failure)
Press: ? - help, Dir - move target A metal wall.
The metal wall shatters!
The blast of metal fragments hits the molten gargoyle.
The molten gargoyle is lightly damaged.
The molten gargoyle hits you with a +0 flail!!
You are engulfed in flames!
Casting: Lee's Rapid Deconstruction (dangerous; 4% risk of failure)
Confirm with . or Enter, or press ? or * to list all spells.
Aiming: Lee's Rapid Deconstruction (dangerous; 4% risk of failure)
Press: ? - help, Dir - move target A metal wall.
The metal wall shatters!
The blast of metal fragments hits the molten gargoyle but does no damage.
The molten gargoyle is lightly damaged.
The molten gargoyle blasts magma at you!
The bolt of magma hits you!!
You die...

#.#...)))[.##.......#
#'###########.......#
#..#.#.## #########
#.......# ##.#.#.##
#.......#+#
##.#†#.##.+
#.......#9#
##.#.#..'@#
##########


You could see a molten gargoyle.

Vanquished Creatures
  A flying skull (D)
  An ice beast (D)
  A bullfrog (D)
  A jelly (D)
  An iguana (D)
  A mummy (D)
  A gnoll (D)
  A worm (D)
  A leopard gecko (D)
  2 orcs (D)
  A bat (D)
  A goblin (D)
  4 jackals (D)
  A kobold (D)
  A frilled lizard (D)
  A rat (D)
20 creatures vanquished.

Notes
Turn   | Place    | Note
-------+----------+-------------------------------------------
     0 | D        | rocky1 the Ogre Earth Elementalist began the quest for the
                  | Orb.
     0 | D        | Reached XP level 1. HP: 16/16 MP: 3/3
    15 | D        | Reached skill level 3 in Earth Magic
    45 | D        | Found a bloodstained altar of Trog.
    45 | D        | Found a shimmering blue altar of Sif Muna.
    45 | D        | Found a viscous altar of Jiyva.
    45 | D        | Found a hazy altar of Hepliaklqana.
    45 | D        | Found an opulent altar of Gozag.
    46 | D        | Found a glowing golden altar of the Shining One.
    46 | D        | Found a glowing silver altar of Zin.
    46 | D        | Found a basalt altar of Yredelemnul.
    46 | D        | Found a shimmering altar of Xom.
    46 | D        | Found an ornate altar of the Wu Jian Council.
    46 | D        | Found a sacrificial altar of Ru.
    46 | D        | Found a stormy altar of Qazlal.
    46 | D        | Found an iron altar of Okawaru.
    46 | D        | Found a sparkling altar of Nemelex Xobeh.
    46 | D        | Found a burning altar of Makhleb.
    46 | D        | Found a blossoming altar of Fedhas.
    46 | D        | Found a white marble altar of Elyvilon.
    46 | D        | Found a shadowy altar of Dithmenos.
    46 | D        | Found a snail-covered altar of Cheibriados.
    49 | D        | Found a corrupted altar of Lugonu.
    49 | D        | Found a radiant altar of Vehumet.
    49 | D        | Found a roughly hewn altar of Beogh.
    50 | D        | Found an ancient bone altar of Kikubaaqudgha.
    50 | D        | Found a hide-covered altar of Uskayaw.
    50 | D        | Found a broken altar of Ashenzari.
    61 | D        | Became a worshipper of Sif Muna the Loreminder
    90 | D        | Reached skill level 1 in Fighting
    93 | D        | Reached * piety under Sif Muna
    96 | D        | Reached XP level 2. HP: 16/27 MP: 5/5
   215 | D        | Reached skill level 1 in Maces & Flails
   216 | D        | Reached ** piety under Sif Muna
   217 | D        | Reached skill level 4 in Earth Magic
   544 | D        | Reached XP level 3. HP: 28/36 MP: 3/7
   581 | D        | Noticed a bullfrog
   585 | D        | Killed a bullfrog
   586 | D        | Reached skill level 7 in Earth Magic
   586 | D        | Reached XP level 4. HP: 39/44 MP: 4/8
   590 | D        | Reached *** piety under Sif Muna
   648 | D        | Learned a level 3 spell: Stone Arrow
   650 | D        | Noticed a flying skull
   687 | D        | Noticed an ice beast
   701 | D        | Killed a flying skull
   701 | D        | Reached **** piety under Sif Muna
   702 | D        | Reached skill level 9 in Earth Magic
   702 | D        | Reached XP level 5. HP: 43/50 MP: 7/9
   702 | D        | Reached XP level 6. HP: 50/58 MP: 7/10
   927 | D        | Learned a level 5 spell: Lee's Rapid Deconstruction
   935 | D        | Killed an ice beast
   936 | D        | Reached skill level 10 in Earth Magic
  1152 | D        | Noticed a molten gargoyle
  1154 | D        | Killed from afar by a molten gargoyle

Illustrated notes

Levels and vault maps discovered:
D:        pitsprint [storerooms_1, entrance_room_1, metal_vault_1, armoury_3,
          mini_pit_1, grid_room_1, main_hall_1, silver_pit, the_coven_1,
          the_vestibule_1, steel_vault_5, golden_pit, hallway_of_sentries,
          crystal_vault_3, iron_vault_1, final_vault]

Skill      XL: |  1  2  3  4  5  6 |
---------------+-------------------+-----
Earth Magic    | 3 4 7 9 10 | 10.9
Fighting       | 1 2 |  2.3
Dodging        | 2 |  2.5
Maces & Flails | 1 |  1.4
Spellcasting   | 3 |  3.3
Invocations    | 6 7 |  7.7
Stealth        | |  1.4
Transmutations | |  0.8

Action                   |  1- 3 |  4- 6 || total
-------------------------+-------+-------++-------
Melee: Mace              |    29 |    23 ||    52
 Cast: Sandblast         |    11 |    10 ||    21
       Lee's Rapid Decon |       |     2 ||     2
  Use: Potion            |       |     1 ||     1
 Stab: Sleeping          |       |     1 ||     1
Armor: Robe              |    14 |     6 ||    20
Dodge: Dodged            |    26 |    11 ||    37

Table legend: (Time is in decaauts)
 A = Elapsed time spent in this place.
 B = Non-inter-level travel time spent in this place.
 C = Inter-level travel time spent in this place.
 D = Time resting spent in this place.
 E = Time spent auto-exploring this place.
 F = Levels seen in this place.
 G = Mean time per level.
                   A        B        C        D        E       F      G
               +--------+--------+--------+--------+--------+-----+--------+
         Total |   1177 |   1177 |      0 |    871 |      0 |   1 | 1177.0 |
       Dungeon |   1177 |   1177 |      0 |    871 |      0 |   1 | 1177.0 |
               +--------+--------+--------+--------+--------+-----+--------+

Top non-repeatable levels by time:
       D: 1177 daAuts
